 Dungeon Crawl Stone Soup version 0.29.0-11-gd7f09526c8 (webtiles) character file.

Game seed: 1217655182373938727

197382 Lochraine the Warrior (level 17, -3/161 HPs)
             Began as a Minotaur Hunter on Sept 4, 2022.
             Was the Champion of Dithmenos.
             Slain by a radroach (31 damage)
             ... on level 2 of the Spider Nest on Sept 5, 2022.
             The game lasted 01:58:15 (38351 turns).

Lochraine the Warrior (Minotaur Hunter)            Turns: 38351, Time: 01:58:16

Health: -3/161     AC: 24    Str: 19    XL:     17   Next: 77%
Magic:  19/23      EV: 23    Int:  6    God:    Dithmenos [******]
Gold:   3485       SH:  5    Dex: 19    Spells: 12/21 levels left

rFire   + . .      SeeInvis .   x - +12 shortbow "Hellblazer" {flame, rPois Will+}
rCold   . . .      Faith    .   (shield currently unavailable)
rNeg    . . .      Spirit   .   h - +4 ring mail {rF+}
rPois   +          Reflect  +   Z - +1 hat {Will+}
rElec   .          Harm     .   s - +1 cloak
rCorr   .          Rampage  .   k - +1 pair of gloves
Will    +++..                   m - +1 pair of boots
Stlth   +++++++++.              y - amulet of reflection
HPRegen 0.00/turn               M - +4 ring of protection
MPRegen 0.18/turn               P - +4 ring of evasion

@: spiked, inhibited regen, wreathed by umbra, studying Air Magic
A: horns 2, retaliatory headbutt, inhibited regeneration
}: 1/15 runes: decaying
a: Renounce Religion, Shadow Step, Shadow Form


You were on level 2 of the Spider Nest.
You worshipped Dithmenos.
Dithmenos was exalted by your worship.
You visited 7 branches of the dungeon, and saw 30 of its levels.
You also visited: Bailey and Volcano.

You collected 3962 gold pieces.
You spent 477 gold pieces at shops.

Inventory:

Hand Weapons
 b - a +6 arbalest of flaming
   (You found it in a volcano)
 x - the +12 shortbow "Hellblazer" (weapon) {flame, rPois Will+}
   (You bought it in a shop on level 2 of the Orcish Mines)

   Any ammunition fired from it burns those it strikes, dealing additional fire
   damage.
   rPois:     It protects you from poison.
   Will:      It increases your willpower.
 B - the +7 morningstar of the Endless March {elec, rN+ Int+3}
   (You found it on level 3 of the Swamp)

   It occasionally discharges a powerful burst of electricity upon striking a
   foe.
   Int:       It affects your intelligence (+3).
   rN:        It protects you from negative energy.
Armour
 a - a +2 buckler
   (You took it off a tengu conjurer on level 13 of the Dungeon)
 h - a +4 ring mail of fire resistance (worn)
   (You took it off a hell knight in a volcano)
 k - a +1 pair of gloves (worn)
   (You found it on level 2 of the Dungeon)
 m - a +1 pair of boots (worn)
   (You found it on level 8 of the Dungeon)
 s - a +1 cloak (worn)
   (You found it on level 13 of the Dungeon)
 A - +0 swamp dragon scales
   (You found it on level 4 of the Swamp)
 J - a +3 scale mail of cold resistance
   (You took it off Urug on level 12 of the Dungeon)
 Q - +0 swamp dragon scales
   (You found it on level 4 of the Swamp)
 S - a +2 scale mail of poison resistance
   (You took it off a skeletal warrior on level 13 of the Dungeon)
 Z - a +1 hat of willpower (worn)
   (You found it on level 12 of the Dungeon)
Jewellery
 i - a ring of protection from fire
   (You found it on level 1 of the Lair of Beasts)
 y - an amulet of reflection (around neck)
   (You found it on level 4 of the Dungeon)
 z - a ring of see invisible
   (You found it on level 10 of the Dungeon)
 C - an amulet of the acrobat
   (You found it on level 1 of the Lair of Beasts)
 G - the amulet "Zipreaf" {Spirit rElec rC- Dex+3}
   (You found it on level 12 of the Dungeon)

   [amulet of guardian spirit]

   It causes incoming damage to be divided between your reserves of health and
   magic.
   Dex:       It affects your dexterity (+3).
   rC:        It makes you vulnerable to cold.
   rElec:     It insulates you from electricity.
 I - a ring of positive energy
   (You found it on level 9 of the Dungeon)
 M - a +4 ring of protection (left hand)
   (You found it on level 1 of the Lair of Beasts)
 P - a +4 ring of evasion (right hand)
   (You found it on level 6 of the Dungeon)
 V - a ring of wizardry
   (You found it on level 10 of the Dungeon)
 W - a +4 ring of protection
   (You found it on level 3 of the Lair of Beasts)
Wands
 t - a wand of flame (16)
   (You found it on level 9 of the Dungeon)
 u - a wand of paralysis (15)
   (You found it on level 5 of the Lair of Beasts)
 F - a wand of mindburst (9)
   (You took it off an orc wizard on level 10 of the Dungeon)
Scrolls
 c - 7 scrolls of enchant armour
 d - 9 scrolls of teleportation {@r4}
 f - 2 scrolls of enchant weapon
 g - 4 scrolls of magic mapping
 j - a scroll of blinking
 n - 2 scrolls of silence
 q - 3 scrolls of brand weapon
 r - 2 scrolls of vulnerability {!r}
 w - 7 scrolls of immolation {!r}
 D - 8 scrolls of fog
 O - 4 scrolls of fear
 U - 12 scrolls of identify {@r1}
 Y - a scroll of poison
Potions
 e - 3 potions of heal wounds {@q2}
 l - 7 potions of brilliance
 o - 3 potions of lignification {!q}
 p - 3 potions of might
 E - 3 potions of ambrosia
 H - 6 potions of attraction {!q}
 K - 6 potions of cancellation
 L - 8 potions of flight
 N - 2 potions of invisibility
 R - 12 potions of curing {@q1}
 T - 2 potions of magic
 X - 2 potions of haste {@q3}


   Skills:
 + Level 17.2 Fighting
 - Level 12.0(12.3) Axes
 - Level 3.6(8.6) Polearms
 + Level 16.0 Ranged Weapons
 + Level 12.8 Armour
 + Level 12.6 Dodging
 + Level 12.5 Stealth
 - Level 2.9 Spellcasting
 - Level 2.8 Hexes
 - Level 2.0 Transmutations
 - Level 3.1 Ice Magic
 - Level 1.9 Air Magic
 - Level 2.0 Earth Magic
 - Level 10.0 Invocations


You had 12 spell levels left.
You knew the following spells:

 Your Spells              Type           Power      Damage    Failure   Level
a - Ensorcelled Hibernat  Hex/Ice        8%         N/A       24%         2
q - Passwall              Tmut/Erth      2%         N/A       34%         2
s - Swiftness             Air            3%         N/A       58%         3
x - Wereblood             Tmut           3%         N/A       34%         2

Your spell library contained the following spells:

 Spells                   Type           Power      Damage    Failure   Level
 Beastly Appendage        Tmut           6%         N/A       24%         1
 Sting                    Tmut/Pois      8%         1d3       34%         1
 Shock                    Conj/Air       8%         1d3       36%         1
 Magic Dart               Conj           0%         1d3       50%         1
 Necrotise                Necr           0%         1d4       50%         1
 Poisonous Vapours        Pois/Air       4%         N/A       50%         2
 Static Discharge         Conj/Air       2%         3-4/arc   50%         2
 Call Imp                 Summ           0%         N/A       63%         2
 Searing Ray              Conj           0%         2d4       63%         2
 Portal Projectile        Hex/Tloc       4%         N/A       65%         3
 Summon Guardian Golem    Hex/Summ       2%         N/A       65%         3
 Spider Form              Tmut/Pois      2%         N/A       71%         3
 Stone Arrow              Conj/Erth      4%         3d7       73%         3
 Ignite Poison            Fire/Tmut/Pois 1%         N/A       77%         3
 Mephitic Cloud           Conj/Pois/Air  1%         N/A       77%         3
 Call Canine Familiar     Summ           0%         N/A       86%         3
 Conjure Flame            Conj/Fire      0%         6-21      86%         3
 Vampiric Draining        Necr           0%         2d6       86%         3
 Leda's Liquefaction      Hex/Erth       1%         N/A       89%         4
 Airstrike                Air            1%         2d(1-17)  94%         4
 Anguish                  Hex/Necr       1%         N/A       96%         4
 Fulminant Prism          Conj/Hex       1%         3d6       96%         4
 Animate Armour           Summ/Erth      4%         N/A       98%         4
 Summon Lightning Spire   Summ/Air       2%         N/A       98%         4
 Corpse Rot               Necr/Pois/Air  1%         N/A       99%         4
 Iskenderun's Mystic Bla  Conj/Tloc      0%         2d3       99%         4
 Olgreb's Toxic Radiance  Pois           0%         N/A       99%         4
 Passage of Golubria      Tloc           0%         N/A       99%         4
 Sticky Flame             Conj/Fire      0%         2d3       99%         4
 Silence                  Hex/Air        1%         N/A       99%         5
 Agony                    Necr           0%         N/A       100%        5
 Freezing Cloud           Conj/Ice/Air   1%         6-21      100%        5
 Lee's Rapid Deconstruct  Erth           1%         3d5*      100%        5
 Lightning Bolt           Conj/Air       1%         1d12      100%        5
 Simulacrum               Ice/Necr       1%         N/A       100%        6
 Statue Form              Tmut/Erth      2%         N/A       100%        6
 Orb of Destruction       Conj           0%         9d5       100%        7
 Spellforged Servitor     Conj/Summ      0%         N/A       100%        7
 Lehudib's Crystal Spear  Conj/Erth      1%         10d2      100%        8
 Maxwell's Capacitive Co  Air            1%         ∞         100%        8
 Polar Vortex             Ice            2%         N/A       100%        9


Dungeon Overview and Level Annotations

Branches:
Dungeon (15/15) Zot: 25881  Temple (1/1) D:5 Zot: 5811    Lair (5/5) D:9 Zot: 21922
  Swamp (4/4) Lair:3 Zot: 19268  Spider (2/4) Lair:3 Zot: 10453   Slime (1/5) Lair:4 Zot: 5998
    Orc (2/2) D:9 Zot: 8829     Elf (0/3) Orc:2        Vaults (0/5) D:13
 Depths (0/4) D:15         Bailey (visited)         Volcano (visited)

Altars:
Ashenzari
Cheibriados
Dithmenos
Elyvilon
Fedhas
Gozag
Hepliaklqana
Kikubaaqudgha
Makhleb
Nemelex Xobeh
Okawaru
Qazlal
Ru
Sif Muna
Trog
Uskayaw
Vehumet
Wu Jian
Xom
Yredelemnul
Zin
The Shining One
Jiyva

Shops:
Orc:2 *(=[

Annotations:
D:6 1 runed translucent door, exclusion: deep elf zephyrmancer, Crazy Yiuf
D:7 2 transporters, heinrich's ghost, novice TrFi


Innate Abilities, Weirdness & Mutations

You have a pair of horns on your head.
You reflexively headbutt those who attack you in melee.
You do not regenerate when monsters are visible.


Message History

The arrow burns the steelbarb worm.
Your shadow shoots an arrow.
The arrow hits the steelbarb worm.
You hear a faint skittering sound.
Fire: x) +12 shortbow "Hellblazer" {flame, rPois Will+}
Aim: a redback (umbra, 76% to hit)
You shoot an arrow. The arrow hits the steelbarb worm!
The arrow burns the steelbarb worm.
Fire: x) +12 shortbow "Hellblazer" {flame, rPois Will+}
Aim: a redback (umbra, 76% to hit)
You shoot an arrow. The arrow hits the redback.
The arrow burns the redback.
Your shadow shoots an arrow.
The arrow hits the redback.
You hear a faint skittering sound.
A tarantella comes into view.
The steelbarb worm closely misses you.
Aim: a steelbarb worm (black smoke, moderately wounded, umbra, chance to affect: 57%)
The steelbarb worm resists with significant effort.
The steelbarb worm closely misses you. The redback misses you.
Nothing appears to happen.
The redback bites you.
* * * LOW HITPOINT WARNING * * *
The steelbarb worm hits you but does no damage.
The steelbarb worm completely misses you.
The redback bites you but does no damage.
A rock wall.
This square is wreathed by an umbra.
The rock shatters into small pieces.
A tarantella comes into view.
The tarantella's many legs skitter faintly.
A tarantella comes into view.
The tarantella's many legs skitter faintly.
A tarantella comes into view.
The tarantella's many legs skitter faintly.
The now-empty wand crumbles to dust.
You hear a skittering sound.
A wolf spider comes into view.
The redback misses you. The steelbarb worm hits you!
* * * LOW HITPOINT WARNING * * *
Barbed spikes become lodged in your body.
Found a scroll of identify and an arbalest.
Found a stone staircase leading up.
Okay, then.
Unknown command.
Aim: a tarantella (umbra)
You step into the tarantella's shadow.
A culicivora and 3 tarantellas come into view.
The tarantella barely misses you. You furiously retaliate!
You headbutt the tarantella! You block the tarantella's attack.
The radroach erupts in a fountain of uncontrolled magic!
You are blasted with magical radiation!!
You die...

... ... ## #.. ##...
..#.# .. ##..## ....
....#..# ##..^.. ^..##
....#...
.......#####...##.#.†.##
#.ss...#.#[...#.....##.
[#...s.s..# #..#........
.......@s.####......#...
......B#<.#.#....######†
.##...^)..s.####....#.#.
#..........#......#...
.s.^...s...§##...#..†..
..##... .!..#s#§...#...#
. #... #...#w§s..##...#
.^.. #..##§#......##
#..^....####


You could see a radroach, a wolf spider (wandering), a culicivora (wandering), 6
tarantellas and a redback.

Vanquished Creatures
  Saint Roka (Orc:1)
  Frances (Swamp:2)
  Gastronok (D:12)
  A thorn hunter (Swamp:3)
  A fenstrider witch (Swamp:4)
  A ghost moth (Spider:2)
  An orc warlord (Orc:2)
  3 eleionomae
  A stone giant (D:15)
  Nessos (D:15)
  A dire elephant (Lair:5)
  3 bunyips
  The ghost of Seil the Destroyer, a journeyman DECj of Ashenzari (Lair:5)
  Snorg (Orc:2)
  2 green deaths (Swamp:4)
  6 boulder beetles
  A hell beast (Swamp:4)
  Harold (Orc:2)
  2 ghost crabs (Swamp:4)
  3 ogre magi
  2 great orbs of eyes (Swamp:4)
  19 hydras
  3 catoblepae
  20 two-headed ogres
  11 alligators
  7 centaur warriors
  A thrashing horror (Swamp:4)
  A hell knight (Volcano)
  Urug (D:12)
  2 orc high priests (Orc:2)
  4 tengu warriors
  Sonja (Lair:1)
  Lodul (D:11)
  7 goliath frogs
  5 skeletal warriors
  A pharaoh ant (Spider:1)
  A sun moth (Spider:1)
  A death drake (Swamp:4)
  5 sixfirhies (D:14)
  A steelbarb worm (Spider:1)
  10 swamp dragons
  2 orb spiders
  10 bog bodies
  A deep elf archer (D:15)
  A wizard (D:14)
  3 lindwurms
  A deep elf zephyrmancer (D:14)
  4 orc knights (Orc:2)
  2 oklob plants (Lair:4)
  7 wolf spiders
  10 ugly things
  3 cyclopes
  4 manticores
  5 deep elf pyromancers
  4 orc sorcerers (Orc:2)
  27 elephants
  A moth of wrath (Spider:2)
  3 black mambas
  Joseph (Lair:1)
  15 cane toads
  A torpor snail (Spider:2)
  Maggie (D:6)
  6 demonic crawlers
  3 unseen horrors
  A freezing wraith (D:14)
  2 rime drakes (Lair:4)
  An efreet (D:15)
  3 orange demons (Swamp:4)
  A yaktaur (D:13)
  4 kobold demonologists (D:13)
  A komodo dragon (shapeshifter) (D:13)
  8 komodo dragons
  3 tengu conjurers (D:13)
  9 trolls
  5 bloated husks
  21 hornets
  3 meliai (Spider:1)
  5 polar bears
  A troll (shapeshifter) (D:14)
  8 tyrant leeches
  17 tarantellas
  Grinder (D:6)
  10 blink frogs
  21 slime creatures
  2 raiju (D:14)
  3 large abominations (Swamp:4)
  13 jumping spiders
  27 spriggans
  35 yaks
  6 culicivoras
  2 vampires
  4 wraiths
  A wyvern (D:10)
  3 shadows
  2 steam dragons
  10 basilisks
  Grum (D:11)
  20 redbacks
  Menkaure (D:5)
  11 wargs (Orc:2)
  8 vampire mosquitoes
  10 swamp worms
  Duvessa (D:4)
  2 hell hounds (Lair:2)
  15 water moccasins
  3 acid dragons
  8 black bears
  2 swamp drakes
  41 orc warriors
  A sky beast (D:8)
  2 ice beasts
  4 boggarts (Lair:5)
  16 wolves
  14 ogres
  21 centaurs
  4 kobold brigands
  11 bullfrogs
  3 gnoll sergeants
  A necrophage (D:5)
  5 scorpions
  Dowan (D:4)
  7 killer bees
  3 electric eels
  5 howler monkeys
  5 lava snakes (D:12)
  4 hounds
  4 jellies
  17 orc priests
  A gnoll bouda (D:7)
  5 iguanas
  31 orc wizards
  18 gnolls
  8 adders
  A shadow imp (D:5)
  A white imp (D:7)
  An ufetubus (D:6)
  A worm (D:2)
  3 dart slugs
  103 orcs
  9 bats
  9 endoplasms
  6 giant cockroaches
  6 goblins
  7 hobgoblins
  3 jackals (D:3)
  25 kobolds
  7 quokkas
  7 ball pythons
  6 frilled lizards
  10 rats
  A spectral orc (D:7)
1005 creatures vanquished.

Vanquished Creatures (others)
  An unseen horror (D:13)
  A kobold brigand (D:9)
  A bush (Lair:4)
  21 fungi
  44 plants
68 creatures vanquished.

Grand Total: 1073 creatures vanquished

Notes
Turn   | Place    | Note
-------+----------+-------------------------------------------
     0 | D:1      | Lochraine the Minotaur Hunter began the quest for the Orb.
     0 | D:1      | Reached XP level 1. HP: 18/18 MP: 0/0
    92 | D:1      | Reached skill level 3 in Fighting
    92 | D:1      | Reached XP level 2. HP: 26/26 MP: 1/1
   225 | D:1      | Reached skill level 5 in Ranged Weapons
   225 | D:1      | Reached XP level 3. HP: 28/31 MP: 2/2
   256 | D:1      | Found a faded altar of an unknown god.
   806 | D:2      | Reached skill level 4 in Fighting
   855 | D:2      | Reached XP level 4. HP: 31/40 MP: 3/3
  1676 | D:3      | Learned a level 2 spell: Wereblood
  1840 | D:4      | Found a sparkling altar of Nemelex Xobeh.
  1852 | D:4      | Reached XP level 5. HP: 47/47 MP: 4/4
  2096 | D:4      | Reached skill level 5 in Fighting
  2139 | D:4      | Noticed Dowan
  2139 | D:4      | Noticed Duvessa
  2212 | D:4      | Noticed a water moccasin
  2306 | D:5      | Entered Level 5 of the Dungeon
  2313 | D:5      | Reached XP level 6. HP: 57/57 MP: 5/5
  2330 | D:5      | Reached skill level 6 in Fighting
  2578 | D:5      | Noticed Menkaure
  2609 | D:5      | Killed Menkaure
  2610 | D:5      | Reached skill level 1 in Axes
  2610 | D:5      | Reached XP level 7. HP: 64/64 MP: 6/6
  2687 | D:5      | Found a staircase to the Ecumenical Temple.
  2696 | Temple   | Entered the Ecumenical Temple
  2852 | Temple   | Became a worshipper of Dithmenos the Shadowed
  2927 | D:5      | Reached skill level 7 in Fighting
  3040 | D:5      | Reached skill level 1 in Stealth
  3123 | D:5      | Found an iron altar of Okawaru.
  3338 | D:4      | Reached XP level 8. HP: 13/73 MP: 7/7
  3748 | D:4      | Killed Dowan
  3759 | D:4      | Killed Duvessa
  4237 | D:6      | Noticed Maggie
  4294 | D:6      | Reached skill level 8 in Fighting
  4365 | D:6      | Reached * piety under Dithmenos
  4813 | D:6      | Noticed a deep elf zephyrmancer
  4907 | D:6      | Noticed Grinder
  4918 | D:6      | Killed Grinder
  4919 | D:6      | Reached skill level 5 in Axes
  5056 | D:6      | Reached XP level 9. HP: 82/82 MP: 8/8
  5133 | D:6      | Found a runed translucent door.
  5134 | D:6      | Noticed Crazy Yiuf
  5206 | D:6      | Found a bloodstained altar of Trog.
  5207 | D:6      | Found a sacrificial altar of Ru.
  5226 | D:6      | Killed Maggie
  5656 | D:7      | Found a transporter.
  5665 | D:7      | Found a transporter.
  5679 | D:7      | Noticed heinrich's ghost (novice TrFi)
  5733 | D:7      | Noticed a moth of wrath
  6393 | D:7      | Reached skill level 9 in Fighting
  6456 | D:7      | Found a hazy altar of Hepliaklqana.
  6770 | D:8      | Found a basalt altar of Yredelemnul.
  6811 | D:8      | Noticed a two-headed ogre
  6819 | D:8      | Noticed a two-headed ogre
  6822 | D:8      | Killed a two-headed ogre
  6829 | D:8      | Killed a two-headed ogre
  6830 | D:8      | Reached XP level 10. HP: 75/91 MP: 9/9
  6969 | D:8      | Reached skill level 5 in Stealth
  7146 | D:8      | Noticed a centaur warrior
  7173 | D:8      | Reached skill level 5 in Dodging
  7186 | D:8      | Killed a centaur warrior
  7186 | D:8      | Reached ** piety under Dithmenos
  7192 | D:8      | Reached skill level 10 in Fighting
  7553 | D:8      | Noticed a manticore
  7564 | D:8      | Killed a manticore
  7565 | D:8      | Reached skill level 10 in Ranged Weapons
  7732 | D:8      | Reached skill level 10 in Axes
  7935 | D:8      | Noticed a deep elf pyromancer
  7948 | D:8      | Killed a deep elf pyromancer
  8158 | D:8      | Noticed a centaur warrior
  8169 | D:8      | Killed a centaur warrior
  8170 | D:8      | Reached XP level 11. HP: 45/101 MP: 10/10
  8234 | D:8      | Noticed a two-headed ogre
  8391 | D:8      | Noticed an eight-headed hydra
  8408 | D:8      | Killed an eight-headed hydra
  8445 | D:8      | Noticed a centaur warrior
  8744 | D:8      | Killed a two-headed ogre
  8800 | D:8      | Killed a centaur warrior
  9651 | D:9      | Found a staircase to the Lair.
  9884 | D:9      | Reached skill level 11 in Fighting
  9899 | D:9      | Noticed a two-headed ogre
  9913 | D:9      | Killed a two-headed ogre
 10321 | D:9      | Noticed a two-headed ogre
 10330 | D:9      | Killed a two-headed ogre
 10375 | D:9      | Reached *** piety under Dithmenos
 10870 | D:9      | Identified the +2 robe "Docrui" {Int+2}
 10879 | D:9      | Found a staircase to the Orcish Mines.
 10960 | D:9      | Learned a level 2 spell: Ensorcelled Hibernation
 11124 | D:10     | Entered Level 10 of the Dungeon
 11388 | D:10     | Noticed a two-headed ogre
 11399 | D:10     | Killed a two-headed ogre
 11400 | D:10     | Reached skill level 1 in Spellcasting
 11400 | D:10     | Reached skill level 1 in Hexes
 11400 | D:10     | Reached skill level 1 in Ice Magic
 11446 | D:10     | Reached **** piety under Dithmenos
 11856 | D:10     | Found a flagged portal.
 11864 | Bailey   | Entered a bailey
 11873 | Bailey   | Reached XP level 12. HP: 103/110 MP: 12/12
 13189 | Lair:1   | Entered Level 1 of the Lair of Beasts
 13243 | Lair:1   | Noticed Joseph
 13264 | Lair:1   | Killed Joseph
 13447 | Lair:1   | Learned a level 2 spell: Passwall
 13451 | Lair:1   | Learned a level 3 spell: Swiftness
 13559 | Lair:1   | Reached skill level 1 in Transmutations
 13559 | Lair:1   | Reached skill level 1 in Air Magic
 13559 | Lair:1   | Reached skill level 1 in Earth Magic
 13864 | Lair:1   | Noticed an eight-headed hydra
 13912 | Lair:1   | Killed an eight-headed hydra
 13987 | Lair:1   | Noticed Sonja
 14009 | Lair:1   | Killed Sonja
 14399 | Lair:1   | Noticed a four-headed hydra
 14557 | Lair:1   | Killed a four-headed hydra
 14558 | Lair:1   | Reached skill level 1 in Polearms
 15303 | Lair:2   | Noticed a catoblepas
 15325 | Lair:2   | Killed a catoblepas
 15328 | Lair:2   | Reached ***** piety under Dithmenos
 15436 | Lair:2   | Found a dark tunnel.
 15566 | Volcano  | Entered a volcano
 15593 | Volcano  | Noticed a two-headed ogre
 15593 | Volcano  | Noticed a two-headed ogre
 15599 | Volcano  | Killed a two-headed ogre
 15613 | Volcano  | Killed a two-headed ogre
 15614 | Volcano  | Reached XP level 13. HP: 39/117 MP: 16/16
 15907 | Volcano  | Reached skill level 12 in Fighting
 16281 | Lair:2   | Reached skill level 1 in Armour
 17316 | Lair:3   | Reached skill level 1 in Invocations
 17435 | Lair:3   | Found a staircase to the Swamp.
 17702 | Lair:3   | Found a hole to the Spider Nest.
 18175 | Lair:4   | Reached skill level 13 in Fighting
 18574 | Lair:4   | Reached skill level 5 in Armour
 19011 | Lair:4   | Found a viscous altar of Jiyva.
 19019 | Lair:4   | Reached XP level 14. HP: 107/129 MP: 17/17
 19088 | Lair:4   | Found a staircase to the Slime Pits.
 19384 | Slime:1  | Entered Level 1 of the Pits of Slime
 19474 | Lair:5   | Entered Level 5 of the Lair of Beasts
 20155 | Lair:5   | Paralysed by a hornet for 3 turns
 20175 | Lair:5   | Reached skill level 5 in Invocations
 20473 | Lair:5   | Reached ****** piety under Dithmenos
 20525 | Lair:5   | Reached skill level 14 in Fighting
 20733 | Lair:5   | Found a glowing silver altar of Zin.
 21100 | Lair:5   | Found a runed translucent door.
 21255 | Lair:5   | Noticed Seil's ghost (journeyman DECj)
 21310 | Lair:5   | Killed Seil's ghost
 21902 | D:11     | Noticed Grum
 21904 | D:11     | Killed Grum
 22277 | D:11     | Noticed Lodul
 23063 | D:11     | Killed Lodul
 23450 | D:12     | Found a runed translucent door.
 23473 | D:12     | Reached skill level 10 in Stealth
 23650 | D:12     | Noticed Gastronok
 23658 | D:12     | Killed Gastronok
 24054 | D:12     | Noticed Urug
 24059 | D:12     | Killed Urug
 24317 | D:12     | Reached XP level 15. HP: 139/139 MP: 18/18
 24348 | D:12     | Identified the +8 whip "Impslayer" {freeze, Str+2}
 24353 | D:12     | Found a runed translucent gate.
 24353 | D:12     | Found a runed translucent gate.
 24353 | D:12     | Found a runed translucent gate.
 24353 | D:12     | Found a runed translucent gate.
 24354 | D:12     | Found a runed translucent gate.
 24356 | D:12     | Found a runed translucent gate.
 24709 | D:12     | Identified the amulet "Zipreaf" {Spirit rElec rC- Dex+3}
 25065 | D:13     | Found a shimmering altar of Xom.
 25170 | D:13     | Found a gate to the Vaults.
 26198 | D:13     | Reached skill level 15 in Fighting
 26734 | Orc:1    | Entered Level 1 of the Orcish Mines
 26748 | Orc:2    | Entered Level 2 of the Orcish Mines
 27032 | Orc:2    | Noticed Snorg
 27109 | Orc:2    | Killed Snorg
 27133 | Orc:2    | Found a staircase to the Elven Halls.
 27263 | Orc:2    | Noticed Saint Roka
 27314 | Orc:2    | HP: 3/141 [Saint Roka/divine providence (9)]
 27795 | Orc:1    | Killed Saint Roka
 28302 | Orc:2    | Reached skill level 10 in Dodging
 28631 | Orc:2    | Noticed an orc warlord
 29090 | Orc:2    | Killed an orc warlord
 29293 | Orc:2    | Found Boriossoc's Jewellery Boutique.
 29378 | Orc:2    | Found Momuhit's General Store.
 29445 | Orc:2    | Found Zauthrig's Antique Weapon Boutique.
 29451 | Orc:2    | Bought a polished shortbow for 232 gold pieces
 29451 | Orc:2    | Identified the +12 shortbow "Hellblazer" {flame, rPois
                  | Will+} (You bought it in a shop on level 2 of the Orcish
                  | Mines)
 29482 | Orc:2    | Found Piydwya's Antique Armour Boutique.
 29488 | Orc:2    | Bought a transparent leather armour for 245 gold pieces
 29488 | Orc:2    | Identified the +0 leather armour of the Trout {Harm *Slow
                  | rN++ Dex+3} (You bought it in a shop on level 2 of the
                  | Orcish Mines)
 29551 | Orc:1    | Noticed Harold
 29564 | Orc:2    | Killed Harold
 29992 | D:14     | Reached skill level 10 in Armour
 30088 | D:14     | Found a shadowy altar of Dithmenos.
 30192 | D:14     | Identified the +7 demon trident of Fonn {elec, *Rage rC+
                  | Int+2 Dex+4}
 30210 | D:14     | Reached XP level 16. HP: 123/149 MP: 17/21
 30871 | D:15     | Entered Level 15 of the Dungeon
 31204 | D:15     | Noticed Nessos
 31207 | D:15     | Killed Nessos
 31326 | D:15     | Found a white marble altar of Elyvilon.
 31536 | D:15     | Found a staircase to the Depths.
 32062 | Swamp:1  | Entered Level 1 of the Swamp
 32140 | Swamp:2  | Found a white marble altar of Elyvilon.
 32618 | Swamp:1  | Reached skill level 16 in Fighting
 32813 | Swamp:2  | Reached skill level 15 in Ranged Weapons
 33160 | Swamp:2  | Noticed Frances
 33174 | Swamp:2  | Gained mutation: You do not regenerate when monsters are
                  | visible. [a neqoxec]
 33180 | Swamp:2  | Killed Frances
 34145 | Swamp:3  | Noticed a thorn hunter
 34153 | Swamp:3  | Killed a thorn hunter
 34456 | Swamp:3  | Identified the +7 morningstar of the Endless March {elec,
                  | rN+ Int+3}
 34677 | Swamp:4  | Entered Level 4 of the Swamp
 34884 | Swamp:4  | Reached XP level 17. HP: 159/159 MP: 23/23
 35865 | Swamp:4  | Got a decaying rune of Zot
 36059 | Swamp:4  | Reached skill level 10 in Invocations
 36752 | Spider:1 | Entered Level 1 of the Spider Nest
 36995 | Spider:1 | Reached skill level 17 in Fighting
 38351 | Spider:2 | Slain by a radroach

Illustrated notes

Levels and vault maps discovered:
D:1:      amcnicky_arrival_single_pillar, layout_rooms,
          hellmonk_ecumenical_altar_blasted, chequers_serial_rivers_large_a
D:2:      layout_loops_cross
D:3:      layout_basic
D:4:      layout_basic, mainiacjoe_overflow_concentric_impassable, uniq_duvessa
D:5:      layout_basic, okawaru_gym_becter, minmay_temple_entry_gardened_gates,
          minmay_circle_x, uniq_menkaure
D:6:      layout_loops_corners, grunt_temple_overflow_open, serial_rivers,
          chequers_serial_rivers_micro_e, chequers_serial_rivers_small_b,
          chequers_serial_rivers_room_b, chequers_serial_rivers_room_b,
          guppyfry_early_elven_hall, uniq_crazy_yiuf_cottage, uniq_grinder,
          uniq_maggie
D:7:      layout_loops_corners, nicolae_hepliaklqana_monster_ancestors,
          gammafunk_ghost_berserking_beasts
D:8:      wad_statue_garden, layout_cave_pools, mainiacjoe_overflow_catwalk,
          mainiacjoe_overflow_boulevard, minmay_the_grid_2x2
          [minmay_the_grid_eight, minmay_the_grid_garden,
          minmay_the_grid_odd_star, minmay_the_grid_prize_inner_circle]
D:9:      layout_loops_cross, dpeg_oklobed_lair, erik_orc_1,
          hangedman_abyss_or_decor_stabs
D:10:     layout_basic, enter_bailey_2
D:11:     layout_grid_maze, ldierk_geyser, uniq_grum, uniq_lodul
D:12:     gammafunk_indiana_jones, layout_cave_pods, small_statue_intersection,
          hex_medium, uniq_urug, uniq_gastronok
D:13:     layout_long_grid, david_vaults_2, xom_confusion_cloud
D:14:     minmay_shoctagon, layout_gridville, grunt_dithmenos_smoke_and_mirrors,
          kennysheep_small_square
D:15:     grunt_enter_depths_snipers, layout_rooms, elyvilon_altar_3,
          uniq_nessos
Temple:   regret_index_temple_waves
Lair:1:   layout_roguey, nicolae_quartered_pool_medium, st_stairs_4, uniq_sonja,
          uniq_joseph
Lair:2:   layout_roguey, enter_volcano_3
Lair:3:   layout_roguey, minmay_swamp_entry_swarm, spider_nest_entry_funnel_web
Lair:4:   layout_hall_layers, minmay_slime_entry_oklob_enclosed,
          beast_lair_carwin_9, serial_bayou_shore_a
Lair:5:   minmay_lair_end_enchanted_forest, layout_misc_corridors,
          ebering_ghost_reflecting_pool, basic_altar, minivault_24
Swamp:1:  layout_falls_marsh, evilmike_swamp_ruin_house_2
Swamp:2:  layout_basic_swamp, lemuel_altar_in_water2, uniq_frances
Swamp:3:  layout_basic_swamp, evilmike_swamp_ruin_house_3
Swamp:4:  swamp_vile, layout_basic_swamp, infiniplex_staircase_pool
Spider:1: layout_spider_delve
Spider:2: layout_spider_delve, hangedman_spider_tarantella_strand, uniq_nikola
Slime:1:  layout_caves, cheibrodos_slime_lost_civilization_7
Orc:1:    layout_caves, uniq_harold
Orc:2:    grunt_orc_cross, layout_caves, uniq_saint_roka, uniq_snorg

Skill      XL: |  1  2  3  4  5  6  7  8  9 10 11 12 13 14 15 16 17 |
---------------+----------------------------------------------------+-----
Fighting       | 3 4 5 6 7 8 9 10 11 13 14 15 16 17 | 17.2
Ranged Weapons | 5 6 7 8 9 10 11 12 13 14 15 16 | 16.0
Axes           | 1 3 5 8 10 12 | 12.0
Stealth        | 2 3 4 5 6 7 9 10 11 12 | 12.5
Dodging        | 4 6 7 8 9 10 11 12 | 12.6
Spellcasting   | 1 2 |  2.9
Hexes          | 1 2 |  2.8
Ice Magic      | 1 3 |  3.1
Transmutations | 2 |  2.0
Air Magic      | 1 |  1.9
Earth Magic    | 2 |  2.0
Polearms       | 3 |  3.6
Armour         | 5 8 10 11 12 | 12.8
Invocations    | 3 6 8 9 10 | 10.0

Action                   |  1- 3 |  4- 6 |  7- 9 | 10-12 | 13-15 | 16-18 || total
-------------------------+-------+-------+-------+-------+-------+-------++-------
Melee: Hand axe          |       |     3 |    87 |   166 |       |       ||   256
       Headbutt          |       |       |    25 |   117 |     2 |       ||   144
       Punch             |       |       |     2 |     7 |       |       ||     9
       Trident           |       |       |       |   510 |     9 |       ||   519
 Fire: Shortbow          |    89 |   153 |   206 |    99 |    33 |   872 ||  1452
       Arbalest          |       |       |       |       |  1210 |   112 ||  1322
 Cast: Ensorcelled Hiber |       |       |       |    12 |       |       ||    12
Invok: Shadow Step       |       |       |       |     1 |     1 |     1 ||     3
Evoke: Wand              |       |       |     5 |    18 |     4 |     4 ||    31
  Use: Scroll            |       |     5 |     6 |    14 |     9 |     1 ||    35
       Potion            |       |     1 |     4 |     6 |     3 |       ||    14
 Stab: Paralysed         |       |       |    12 |    13 |       |       ||    25
       Sleeping          |       |       |       |    22 |       |       ||    22
       Distracted        |       |       |       |     4 |       |       ||     4
       Petrified         |       |       |       |     4 |       |       ||     4
       Invisible         |       |       |       |     2 |       |       ||     2
Armor: Leather armour    |    12 |     8 |     2 |       |       |       ||    22
       Scale mail        |       |     8 |    37 |       |   105 |    28 ||   178
       Steam dragon scal |       |       |    11 |    79 |       |       ||    90
       Skin              |       |       |       |     9 |       |       ||     9
       Robe              |       |       |       |    51 |       |       ||    51
       Ring mail         |       |       |       |       |   214 |   150 ||   364
Dodge: Dodged            |    28 |    42 |    95 |   518 |   704 |   532 ||  1919
Block: Other             |       |    15 |    38 |   140 |   114 |    83 ||   390
       Reflection        |       |     1 |     8 |     7 |       |     1 ||    17
